 Dungeon Crawl Stone Soup version 0.20.1-1-g8b1a95d (webtiles) character file.

22021 dvd the Slicer (level 13, -9/123 HPs)
             Began as a Kobold Berserker on Sept 2, 2017.
             Was a High Priest of Trog.
             Mangled by a sphinx (10 damage)
             ... while paralysed by a sphinx
             ... on level 12 of the Dungeon.
             The game lasted 01:01:57 (17065 turns).

dvd the Slicer (Kobold Berserker)                  Turns: 17065, Time: 01:01:57

Health: -9/123     AC:  8    Str: 24    XL:     13   Next: 24%
Magic:  15/15      EV:  3    Int:  9    God:    Trog [*****.]
Gold:   747        SH:  0    Dex: 16    Spells: 12/12 levels left

rFire    + . .     SeeInvis .   B - +1 dagger (venom)
rCold    + . .     Gourm    .   k - +0 buckler
rNeg     . . .     Faith    .   f - +2 robe {rC+ rF+}
rPois    .         Spirit   .   (no helmet)
rElec    .         Reflect  +   (no cloak)
rCorr    .         Harm     .   m - +2 pair of gloves
MR       .....                  (no boots)
Stlth    ..........             e - +4 amulet of reflection
Regen    0.3/turn               E - +1 ring of protection
MPRegen  0.2/turn               K - +2 ring of strength

@: paralysed, berserking (expiring)
A: carnivore 3
a: Berserk, Trog's Hand, Brothers in Arms, Burn Spellbooks, Renounce Religion


You were on level 12 of the Dungeon.
You worshipped Trog.
Trog was extremely pleased with you.
You were very full.

You visited 2 branches of the dungeon, and saw 13 of its levels.

You collected 747 gold pieces.

Inventory:

Hand Weapons
 a - a +0 short sword of flaming
 c - a +0 hunting sling of flaming
 r - a +2 vampiric long sword
 s - a +2 long sword of freezing
 B - a +1 dagger of venom (weapon)
 T - a +3 long sword
Missiles
 p - 16 tomahawks
 y - 4 steel tomahawks (quivered)
 P - 195 sling bullets
 R - 153 stones
Armour
 f - a +2 robe of resistance (worn)
 h - the +3 ring mail "Dir Megee" {*Corrode rPois Int+2}
   (You found it on level 9 of the Dungeon)

   It affects your intelligence (+2).
   It protects you from poison.
   It may corrode you when you take damage.
 k - a +0 buckler (worn)
 m - a +2 pair of gloves (worn)
 V - a +2 robe of magic resistance
Jewellery
 e - a +4 amulet of reflection (around neck)
 E - a +1 ring of protection (left hand)
 K - a +2 ring of strength (right hand)
Wands
 n - a wand of polymorph (6/24)
 z - a wand of random effects (31/48)
 J - a wand of lightning (2/15)
 N - a wand of lightning (8/15)
Scrolls
 b - a scroll of brand weapon
 d - 4 scrolls of identify
 i - a scroll of fear
 j - 3 scrolls of immolation
 l - a scroll of teleportation
 o - 5 scrolls of magic mapping
 w - a scroll of recharging
 D - a scroll of remove curse
Potions
 g - 5 potions of lignification
 q - 6 potions of curing
 t - 4 potions of heal wounds
 v - 5 potions of mutation
 x - a potion of brilliance
 A - a potion of might
 H - a potion of agility
 I - a potion of berserk rage
 M - a potion of cancellation
Comestibles
 u - 12 royal jellies
 C - 8 chunks of flesh
 O - 11 meat rations


   Skills:
 + Level 10.1 Fighting
 + Level 13.6(13.7) Short Blades
 + Level 1.2(5.9) Long Blades
 + Level 7.1(7.2) Slings
 + Level 1.2(5.0) Throwing
 + Level 2.5 Armour
 + Level 11.0 Dodging
 + Level 10.1 Stealth
 + Level 6.7 Shields
 + Level 3.3 Evocations


You had 12 spell levels left.
You didn't know any spells.

Dungeon Overview and Level Annotations

Branches:
Dungeon (12/15)            Temple (1/1) D:7            Lair (0/6) D:10
    Orc (0/2) D:10

Altars:
Ashenzari
Cheibriados
Dithmenos
Elyvilon
Fedhas
Gozag
Hepliaklqana
Kikubaaqudgha
Makhleb
Nemelex Xobeh
Okawaru
Qazlal
Ru
Sif Muna
Trog
Uskayaw
Vehumet
Xom
Yredelemnul
Zin
The Shining One

Shops:
D:9 (   D:11 (   D:12 }


Innate Abilities, Weirdness & Mutations

You are small and have problems with some larger weapons.
You are carnivorous and can eat meat at any time.


Message History

You can move again.
You hit the sphinx but do no damage.
The sphinx is moderately wounded.
You barely miss the sphinx.
The sphinx is moderately wounded.
You block the sphinx's attack. The sphinx hits you but does no damage.
The sphinx hits you.
* * * LOW HITPOINT WARNING * * *
You puncture the sphinx!
The sphinx is heavily wounded.
You puncture the sphinx!
The sphinx looks as sick as possible!
The sphinx is heavily wounded.
The sphinx mumbles some strange words.
You suddenly lose the ability to move!
The sphinx casts a spell.
The sphinx is healed somewhat.
The sphinx completely misses you. The sphinx hits you.
* * * LOW HITPOINT WARNING * * *
The sphinx hits you!
You die...

#........# #.##
.........# #..#
##+####### ##.# #.#
####.# ###..#.#
##....#.# #)...H#.#
#.@#.# ##'#.# #.#.#
#.#.# #.#.# ##+##
##.#.# ....
##...#####..#.#
.....#.....#.....#.#
.....#.....'(....#.#


You could see a sphinx.

Vanquished Creatures
  A centaur warrior (D:9)
  11 two-headed ogres
  The ghost of kalagan the Cleaver, a novice HOFi (D:6)
  An unseen horror (D:12)
  A deep elf mage (D:12)
  A cyclops (D:8)
  Joseph (D:7)
  2 trolls
  The ghost of kalagan the Caller, a novice KoSu of Vehumet (D:5)
  2 hornets (D:8)
  A meliai (D:9)
  Prince Ribbit (D:7)
  A wraith (D:10)
  A vampire (D:10)
  A shadow (D:11)
  10 yaks
  2 hungry ghosts (D:11)
  A vampire mosquito (D:12)
  2 wargs (D:10)
  A soldier ant (D:8)
  Duvessa (D:5)
  A swamp drake (D:10)
  6 orc warriors
  2 eyes of draining (D:10)
  4 black bears
  4 ice beasts
  3 sky beasts
  A black bear (shapeshifter) (D:12)
  2 ogres
  2 phantoms
  A necrophage (D:7)
  4 centaurs
  2 big kobolds
  6 bullfrogs
  Dowan (D:5)
  2 wyvern zombies
  A water moccasin skeleton (D:7)
  12 killer bees
  2 scorpions
  A jelly (D:5)
  A vampire bat (D:3)
  12 wights
  7 electric eels (D:9)
  8 howler monkeys
  7 crimson imps
  A bullfrog zombie (D:7)
  A quasit (D:8)
  A centaur zombie (D:11)
  8 orc priests
  5 hounds
  A bullfrog skeleton (D:9)
  5 centaur skeletons
  15 orc wizards
  4 iguanas
  5 worker ants
  A killer bee zombie (D:9)
  A hound zombie (D:7)
  2 hound skeletons (D:6)
  2 howler monkey zombies
  3 worker ant zombies
  4 gnolls
  19 adders
  A shadow imp (D:7)
  An ooze (D:7)
  2 adder skeletons
  2 worms
  A dart slug (D:2)
  7 leopard geckos
  45 orcs
  2 bat skeletons (D:3)
  3 bat zombies (D:3)
  6 giant cockroaches
  10 goblins
  6 hobgoblins
  14 jackals
  3 quokkas
  2 ball pythons
  6 bats
  7 frilled lizards
  2 jackal skeletons
  18 kobolds
  A leopard gecko skeleton (D:8)
  A quokka skeleton (D:4)
  4 rats
358 creatures vanquished.

Vanquished Creatures (collateral kills)
  A soldier ant (D:8)
1 creature vanquished.

Vanquished Creatures (others)
  2 centaurs
  3 plants (D:9)
5 creatures vanquished.

Grand Total: 364 creatures vanquished

Notes
Turn   | Place    | Note
-------+----------+-------------------------------------------
     0 | D:1      | dvd the Kobold Berserker began the quest for the Orb.
     0 | D:1      | Reached XP level 1. HP: 14/14 MP: 1/1
   481 | D:1      | Reached XP level 2. HP: 19/19 MP: 2/2
  1041 | D:2      | Reached XP level 3. HP: 24/24 MP: 3/3
  1255 | D:2      | Found a sacrificial altar of Ru.
  1398 | D:2      | Reached ** piety under Trog
  1415 | D:2      | Reached XP level 4. HP: 29/29 MP: 4/4
  2079 | D:2      | Reached skill level 5 in Short Blades
  2381 | D:3      | Found a sparkling altar of Nemelex Xobeh.
  2484 | D:3      | Reached XP level 5. HP: 33/33 MP: 5/5
  2516 | D:3      | Found a white marble altar of Elyvilon.
  2518 | D:3      | Found a stormy altar of Qazlal.
  3344 | D:3      | Found an ancient bone altar of Kikubaaqudgha.
  3357 | D:3      | Reached skill level 1 in Stealth
  3524 | D:4      | Reached skill level 6 in Short Blades
  3524 | D:4      | Reached XP level 6. HP: 38/38 MP: 6/6
  3616 | D:4      | Noticed a phantom
  3658 | D:4      | Killed a phantom
  4018 | D:4      | Reached skill level 1 in Shields
  4056 | D:4      | Found an opulent altar of Gozag.
  4271 | D:4      | Reached *** piety under Trog
  4360 | D:4      | Reached XP level 7. HP: 29/44 MP: 7/7
  4570 | D:4      | Reached skill level 7 in Short Blades
  4967 | D:5      | Entered Level 5 of the Dungeon
  5064 | D:5      | Noticed kalagan's ghost (novice KoSu)
  5077 | D:5      | Killed kalagan's ghost
  5077 | D:5      | Reached skill level 8 in Short Blades
  5077 | D:5      | Reached XP level 8. HP: 48/48 MP: 8/8
  5300 | D:5      | Noticed Duvessa
  5302 | D:5      | Noticed Dowan
  5315 | D:5      | Killed Duvessa
  5315 | D:5      | Reached skill level 5 in Fighting
  5318 | D:5      | Killed Dowan
  5986 | D:5      | Reached skill level 9 in Short Blades
  6196 | D:6      | Reached skill level 5 in Dodging
  6511 | D:6      | Noticed kalagan's ghost (novice HOFi)
  6534 | D:6      | Killed kalagan's ghost
  6534 | D:6      | Reached skill level 10 in Short Blades
  6534 | D:6      | Reached skill level 5 in Stealth
  6534 | D:6      | Reached XP level 9. HP: 38/55 MP: 9/9
  6929 | D:6      | Reached **** piety under Trog
  7211 | D:6      | Reached skill level 11 in Short Blades
  7552 | D:7      | Noticed Prince Ribbit
  7556 | D:7      | Killed Prince Ribbit
  7603 | D:7      | Noticed Joseph
  7621 | D:7      | Killed Joseph
  7621 | D:7      | Reached XP level 10. HP: 50/61 MP: 10/10
  7758 | D:7      | Found a glowing golden altar of the Shining One.
  8023 | D:7      | Found a staircase to the Ecumenical Temple.
  8135 | D:7      | Reached skill level 12 in Short Blades
  8246 | D:7      | Reached ***** piety under Trog
  8509 | D:7      | Found a burning altar of Makhleb.
  8512 | D:7      | Found a shattered altar of Ashenzari.
  8882 | D:8      | Paralysed by a hornet for 2 turns
  8935 | D:7      | Received a gift from Trog
  9114 | D:8      | Reached skill level 1 in Slings
  9280 | D:8      | Noticed a cyclops
  9283 | D:8      | Killed a cyclops
  9475 | D:8      | Found a radiant altar of Vehumet.
  9519 | D:8      | You fall through a shaft!
  9623 | D:9      | Reached XP level 11. HP: 68/68 MP: 11/11
 10026 | Temple   | Entered the Ecumenical Temple
 10371 | D:9      | Noticed a two-headed ogre
 10390 | D:9      | Killed a two-headed ogre
 10468 | D:9      | Noticed a two-headed ogre
 10492 | D:9      | Killed a two-headed ogre
 10664 | D:9      | Found Geyfoheosy's Weapon Shoppe.
 11303 | D:9      | Noticed a two-headed ogre
 11320 | D:9      | Killed a two-headed ogre
 11326 | D:9      | Got a jewelled ring mail
 11337 | D:9      | Identified the +3 ring mail "Dir Megee" {*Corrode rPois Int+2} (You found it on level 9 of the Dungeon)
 11532 | D:9      | Noticed a centaur warrior
 11565 | D:9      | Killed a centaur warrior
 11579 | D:9      | Noticed a two-headed ogre
 11936 | D:9      | Reached skill level 5 in Shields
 12299 | D:9      | Reached skill level 1 in Evocations
 12468 | D:10     | Entered Level 10 of the Dungeon
 12679 | D:9      | Killed a two-headed ogre
 12679 | D:9      | Received a gift from Trog
 12911 | D:9      | Reached skill level 13 in Short Blades
 13047 | D:10     | Reached XP level 12. HP: 75/75 MP: 13/13
 13073 | D:10     | Reached skill level 10 in Dodging
 13319 | D:10     | Received a gift from Trog
 13708 | D:10     | Found a staircase to the Lair.
 14285 | D:10     | Noticed a two-headed ogre
 14491 | D:10     | Found a staircase to the Orcish Mines.
 14738 | D:10     | Noticed a two-headed ogre
 14750 | D:10     | Killed a two-headed ogre
 14959 | D:10     | Killed a two-headed ogre
 15003 | D:10     | Noticed a two-headed ogre
 15008 | D:10     | Reached skill level 5 in Slings
 15038 | D:10     | Killed a two-headed ogre
 15168 | D:11     | Reached skill level 10 in Stealth
 15503 | D:11     | Found Jemmor Azizu's Antique Weapon Emporium.
 15649 | D:11     | Reached skill level 1 in Long Blades
 15688 | D:11     | Noticed a two-headed ogre
 15938 | D:11     | Killed a two-headed ogre
 16223 | D:12     | Killed an unseen horror
 16223 | D:12     | Reached XP level 13. HP: 52/82 MP: 14/14
 16721 | D:12     | Reached skill level 10 in Fighting
 16879 | D:12     | Found Dealucep's Gadget Shoppe.
 16957 | D:12     | Received a gift from Trog
 16957 | D:12     | Reached skill level 1 in Throwing
 17047 | D:12     | Noticed a sphinx
 17056 | D:12     | Paralysed by a sphinx for 3 turns
 17059 | D:12     | HP: 3/123 [sphinx (8)]
 17063 | D:12     | Paralysed by a sphinx for 3 turns
 17065 | D:12     | HP: 1/123 [sphinx (1)]
 17065 | D:12     | Mangled by a sphinx

Skill      XL: |  1  2  3  4  5  6  7  8  9 10 11 12 13 |
---------------+----------------------------------------+-----
Armour         | 2 |  2.5
Dodging        | 3 4 5 7 8 9 10 11 | 11.0
Short Blades   | 5 6 8 10 11 12 13 | 13.6
Fighting       | 4 6 7 8 9 10 | 10.1
Stealth        | 1 3 5 6 8 9 10 | 10.1
Shields        | 1 2 4 5 6 |  6.7
Slings         | 1 3 6 7 |  7.1
Evocations     | 2 3 |  3.3
Long Blades    | 1 |  1.2
Throwing       | 1 |  1.2

Action                   |  1- 3 |  4- 6 |  7- 9 | 10-12 | 13-15 || total
-------------------------+-------+-------+-------+-------+-------++-------
Melee: Short sword       |   101 |   296 |   392 |  1181 |   100 ||  2070
       Long sword        |       |       |       |    21 |     4 ||    25
       Dagger            |       |       |       |       |    22 ||    22
 Fire: Hunting sling     |       |       |       |   146 |    18 ||   164
Throw: Tomahawk          |       |       |       |     2 |     5 ||     7
Invok: Berserk           |     3 |     5 |    10 |    23 |     2 ||    43
       Trog's Hand       |       |       |     1 |     3 |     1 ||     5
       Brothers in Arms  |       |       |       |     1 |       ||     1
Evoke: Wand              |       |       |       |    26 |     1 ||    27
  Use: Scroll            |       |     2 |       |    21 |       ||    23
       Potion            |       |       |       |    14 |     1 ||    15
 Stab: Sleeping          |       |     1 |     6 |     8 |     1 ||    16
       Distracted        |       |       |     1 |     6 |       ||     7
       Paralysed         |       |       |       |     1 |       ||     1
  Eat: Chunk             |    12 |    15 |    19 |    63 |     5 ||   114
Armor: Ring mail         |    23 |    35 |       |       |       ||    58
       Animal skin       |       |    23 |    35 |    19 |       ||    77
       Robe              |       |       |       |    59 |    16 ||    75
Dodge: Dodged            |    58 |   156 |   134 |   417 |    54 ||   819
Block: Buckler           |    11 |    37 |    44 |   297 |    49 ||   438
       Reflection        |       |       |     1 |    15 |       ||    16
       Rpst.: Long sword |       |       |       |     6 |       ||     6
